Map: Kairos Junction LE

Players

Reynor

  • Race: Zerg Zerg
  • League: Master
  • Spawn Location: 11:00

HeroMarine - Winner!

  • Race: Terran Terran
  • League: Master
  • Spawn Location: 5:00

Event: 2019 WCS Winter Europe

VOD

Have the link to the VOD?

Description

Time

  • Played on: March 24, 2019, 11:16 a.m.
  • Length: 9:53

All games in this series

Show
View Real Time Build Order
Export as new Build Order

Reynor Zerg 

Build Orders: Hatch First 

Get SALT Encoding   

  12  0:00  Drone  
  13  0:12  Overlord  
  13  0:16  Drone  
  14  0:30  Drone x2  
  14  0:34  Drone  
  17  0:52  Hatchery  
  17  0:55  Drone  
  17  0:58  Drone  
  18  1:09  Extractor  
  17  1:13  Spawning Pool  
  17  1:16  Drone  
  17  1:19  Drone  
  18  1:27  Drone  
  19  1:39  Drone  
  20  1:49  Drone  
  21  2:00  Zergling x2  
  22  2:04  Zergling x2  
  22  2:05  Hatchery  
  22  2:07  Queen  
  24  2:14  Drone x2  
  26  2:20  Metabolic Boost  
  26  2:22  Drone  
  27  2:26  Drone  
  28  2:39  Overlord  
  28  2:46  Overlord  
  28  2:57  Queen  
  31  2:58  Drone x3  
  31  2:59  Overlord  
  31  3:01  Queen  
  36  3:05  Drone  
  36  3:08  Drone  
  37  3:18  Zergling x4  
  39  3:20  Drone  
  39  3:23  Queen  
  39  3:25  Zergling x2  
  43  3:28  Drone  
  43  3:30  Drone  
  45  3:38  Drone x2  
  47  3:41  Drone  
  47  3:48  Zergling x2  
  49  3:49  Drone  
  49  3:51  Drone x3  
  49  3:54  Zergling x2  
  54  3:59  Queen  
  54  4:00  Overlord  
  54  4:02  Drone  
  57  4:04  Drone  
  57  4:06  Spore Crawler, Overlord  
  57  4:09  Spore Crawler, Drone x2  
  58  4:14  Overlord  
  58  4:17  Overlord  
  58  4:19  Drone  
  58  4:21  Drone x3  
  58  4:22  Drone  
  58  4:23  Drone  
  64  4:28  Spore Crawler  
  64  4:29  Zergling x2  
  64  4:32  Drone x2  
  64  4:33  Drone x2  
  64  4:37  Evolution Chamber  
  67  4:38  Evolution Chamber  
  67  4:41  Overlord  
  67  4:42  Zergling x4  
  67  4:44  Drone  
  67  4:45  Drone  
  69  4:48  Overlord  
  69  4:57  Drone x3  
  69  4:59  Overlord  
  72  5:01  Drone x2  
  72  5:02  Zerg Ground Armor Level 1  
  72  5:07  Spore Crawler, Zerg Melee Weapons Level 1  
  73  5:08  Drone x3  
  73  5:12  Zergling x4  
  73  5:13  Spore Crawler  
  77  5:18  Zergling x4  
  77  5:19  Drone x3  
  77  5:20  Spore Crawler, Drone x2  
  84  5:22  Drone  
  84  5:24  Extractor  
  85  5:29  Lair  
  85  5:30  Extractor  
  85  5:31  Zergling x6  
  85  5:34  Extractor  
  86  5:36  Extractor  
  86  5:37  Baneling Nest  
  86  5:38  Drone x3  
  87  5:44  Drone x3  
  87  5:47  Drone x2  
  87  5:49  Baneling Nest  
  91  5:50  Hatchery, Drone x3  
  91  5:52  Drone  
  91  5:53  Drone  
  91  5:54  Drone  
  96  5:57  Drone  
  96  6:01  Extractor  
  96  6:05  Zergling x8  
  96  6:07  Queen  
  96  6:09  Zergling x4  
  105  6:18  Zergling x2  
  105  6:25  Overlord  
  103  6:26  Zergling x10  
  103  6:27  Zergling x2  
  103  6:29  Overseer, Zergling x2  
  103  6:31  Zergling x2  
  91  6:36  Queen  
  91  6:39  Zergling x8  
  95  6:41  Queen  
  95  6:46  Zergling x2  
  95  6:47  Zergling x2  
  94  6:48  Zergling x2  
  94  6:51  Zergling x2  
  88  6:57  Zergling x2  
  88  6:59  Queen  
  88  7:00  Zergling x2  
  91  7:01  Zergling x2  
  91  7:03  Zergling x2  
  91  7:07  Zergling x6  
  86  7:09  Zergling x4  
  86  7:13  Zergling x4  
  84  7:18  Zergling x2  
  84  7:20  Queen  
  84  7:21  Zergling x2  
  81  7:27  Zergling x4  
  74  7:31  Zergling x4  
  74  7:34  Drone  
  73  7:37  Baneling x5  
  73  7:40  Drone  
  73  7:42  Zergling x2  
  73  7:43  Zergling x2  
  76  7:45  Drone  
  76  7:47  Drone  
  79  7:51  Zergling x2  
  79  7:54  Drone  
  79  7:57  Queen  
  82  7:58  Zergling x4  
  82  8:00  Drone  
  82  8:04  Drone  
  85  8:07  Centrifical Hooks, Zergling x2  
  85  8:10  Drone x4  
  85  8:12  Zergling x2  
  91  8:15  Baneling x6  
  91  8:18  Zergling x10  
  96  8:24  Drone  
  96  8:27  Drone x2  
  96  8:29  Zergling x4  
  100  8:36  Baneling x3, Drone  
  100  8:37  Drone x3  
  100  8:38  Zergling x2  
  105  8:41  Hydralisk Den  
  105  8:43  Drone x2  
  105  8:46  Drone x2  
  105  8:47  Drone  
  109  8:49  Drone  
  109  8:50  Zergling x2  
  109  8:51  Zergling x2  
  109  8:53  Spore Crawler  
  109  8:54  Baneling x3  
  111  9:02  Baneling x2  
  111  9:05  Baneling x6  
  111  9:06  Zergling x12  
  111  9:07  Baneling x3  
  111  9:08  Baneling  
  118  9:12  Zergling x2  
  118  9:14  Overlord  
  118  9:15  Overlord  
  113  9:22  Overlord  
  111  9:28  Hatchery  
  109  9:31  Overlord  
Show
View Real Time Build Order
Export as new Build Order

HeroMarine Terran - Winner!

Build Orders: Gas First Reaper Expand, Mech, Banshee Rush 

Get SALT Encoding   

  12  0:00  SCV  
  13  0:12  SCV  
  14  0:17  Supply Depot  
  14  0:24  SCV  
  14  0:27  Refinery  
  15  0:38  SCV  
  16  0:44  Barracks  
  16  0:50  SCV  
  17  1:02  SCV  
  18  1:15  SCV  
  19  1:31  Reaper, Orbital Command  
  20  1:42  Command Center  
  20  1:56  Factory  
  20  1:58  SCV  
  21  2:06  Barracks Reactor  
  21  2:10  SCV  
  21  2:14  Supply Depot  
  22  2:16  Refinery  
  22  2:22  SCV  
  23  2:35  SCV  
  24  2:47  SCV  
  24  2:48  Starport  
  25  2:52  Hellion x2  
  25  2:56  Barracks Tech Lab  
  25  2:57  Orbital Command  
  29  2:59  SCV  
  30  3:14  SCV, Hellion x2  
  35  3:23  SCV  
  35  3:26  SCV, Barracks Tech Lab  
  37  3:34  Cloaking Field  
  37  3:35  Banshee  
  37  3:37  SCV  
  37  3:38  SCV  
  42  3:42  Supply Depot  
  42  3:49  SCV  
  42  3:50  SCV  
  42  3:53  Supply Depot  
  46  3:56  Marine x2  
  46  4:04  SCV x2, Siege Tank  
  46  4:05  Supply Depot  
  51  4:14  Marine x2  
  51  4:16  SCV x2  
  55  4:18  Banshee  
  58  4:28  SCV x2, Supply Depot  
  60  4:31  Marine  
  60  4:32  Marine  
  60  4:36  Siege Tank  
  65  4:40  SCV x2  
  66  4:49  Marine x2  
  66  4:52  SCV x2  
  70  4:57  Command Center, Supply Depot  
  70  5:02  Armory  
  70  5:05  Refinery  
  70  5:07  Refinery  
  70  5:13  SCV x2  
  72  5:16  Banshee  
  75  5:22  Hellion x2  
  75  5:25  SCV x2  
  75  5:26  Supply Depot  
  81  5:36  Factory  
  81  5:37  SCV x2  
  83  5:44  Hellion  
  83  5:47  Hellion  
  83  5:48  Factory  
  83  5:49  SCV x2  
  89  5:52  Terran Vehicle And Ship Armor Level 1  
  89  5:59  Banshee  
  89  6:02  SCV x2  
  94  6:09  Hellion x2  
  98  6:14  SCV x2, Orbital Command  
  98  6:16  Supply Depot  
  100  6:28  SCV x2, Cyclone  
  100  6:31  Hellion x2  
  92  6:36  Factory Tech Lab  
  92  6:40  SCV x2  
  94  6:52  SCV x2, Hellion x2  
  95  7:00  Hellion, Cyclone  
  97  7:04  SCV  
  97  7:05  SCV, Orbital Command  
  97  7:06  Factory  
  95  7:09  Factory  
  95  7:13  Hellion  
  95  7:14  Hellion  
  95  7:16  SCV  
  95  7:17  SCV  
  95  7:21  Cyclone  
  98  7:29  SCV x2  
  92  7:32  Hellion  
  92  7:35  Hellion  
  92  7:36  Hellion  
  94  7:40  Refinery x2  
  94  7:41  SCV x2  
  94  7:42  Starport Reactor  
  96  7:45  Engineering Bay  
  96  7:50  Supply Depot  
  96  7:53  SCV x2, Cyclone x2  
  96  7:56  Hellion  
  96  7:57  Hellion, Factory Reactor  
  105  8:02  Supply Depot  
  105  8:04  Cyclone  
  108  8:06  Infernal Pre-Igniter, Mag-Field Accelerator  
  108  8:10  Hellion x3  
  108  8:12  Command Center  
  108  8:18  Hellion x2, Supply Depot  
  108  8:19  Liberator, Supply Depot  
  115  8:23  Liberator  
  115  8:25  Cyclone  
  115  8:28  Hellion x5  
  115  8:29  Cyclone, Supply Depot  
  115  8:32  Supply Depot  
  118  8:34  Hellion x2  
  118  8:36  Cyclone  
  118  8:39  Hellion  
  118  8:40  Hellion  
  135  8:56  Hellion x2, Supply Depot  
  135  8:57  Cyclone  
  135  9:00  Hellion  
  135  9:01  Hellion, Cyclone  
  149  9:05  Armory  
  149  9:08  Cyclone  
  152  9:17  Hellion x2  
  152  9:22  Hellion  
Tags
 
Add a new tag
Caveats
  • Supply blocks, unpowered buildings, or Contaminate may cause inaccurate times.
  • Supply counts are checked every 10 seconds.